 Dungeon Crawl Stone Soup version 0.29-a0-321-gf1c400731a (webtiles) character file.

Game seed: 7475197053465444405

37 dolemite99 the Digger (level 3, 25/25 HPs)
             Began as a Gnoll Earth Elementalist on Apr 3, 2022.
             Was a Follower of Okawaru.
             Quit the game on level 2 of the Dungeon.
             The game lasted 00:01:06 (1455 turns).

dolemite99 the Digger (Gnoll Earth Elementalist)    Turns: 1455, Time: 00:01:07

Health: 25/25      AC:  2    Str:  7    XL:     3   Next: 39%
Magic:  8/9        EV: 28    Int: 16    God:    Okawaru [*.....]
Gold:   119        SH:  0    Dex: 12    Spells: 11/12 levels left

rFire   . . .      SeeInvis .   l - +0 dagger
rCold   . . .      Faith    .   (no shield)
rNeg    . . .      Spirit   .   b - +0 robe
rPois   .          Reflect  .   (no helmet)
rElec   .          Harm     .   (no cloak)
rCorr   .          Rampage  .   (no gloves)
Will    .....                   (no boots)
Stlth   ++........              n - amulet of the acrobat
HPRegen 0.08/turn               (no ring)
MPRegen 0.11/turn               (no ring)

@: acrobatic
A: fangs 1, strong nose, distributed training
a: Renounce Religion, Heroism


You were on level 2 of the Dungeon.
You worshipped Okawaru.
Okawaru was aware of your devotion.
You visited 1 branch of the dungeon, and saw 2 of its levels.

You collected 119 gold pieces.

Inventory:

Hand Weapons
 l - a +0 dagger (weapon)
Missiles
 a - 89 stones
 f - 2 poisoned darts
 o - 2 throwing nets
Armour
 b - a +0 robe (worn)
 k - a +0 ring mail
Jewellery
 e - a ring of protection from fire
 j - an amulet of reflection
 n - an amulet of the acrobat (around neck)
Scrolls
 d - a scroll of fear {unknown}
 h - a scroll of identify {unknown}
 m - a scroll of enchant armour {unknown}
Potions
 c - a potion of magic
 g - a potion of curing {unknown}
 i - a potion of berserk rage {unknown}
 p - a potion of mutation {unknown}


   Skills:
 + Level 0.7 Fighting
 + Level 0.7 Short Blades
 + Level 0.7 Long Blades
 + Level 0.7 Axes
 + Level 0.7 Maces & Flails
 + Level 0.7 Polearms
 + Level 0.7 Staves
 + Level 0.7 Slings
 + Level 0.7 Bows
 + Level 0.7 Crossbows
 + Level 0.7 Throwing
 + Level 0.7 Armour
 + Level 4.5 Dodging
 + Level 4.1 Stealth
 + Level 0.7 Shields
 + Level 0.7 Unarmed Combat
 + Level 5.0 Spellcasting
 + Level 0.5 Conjurations
 + Level 0.5 Hexes
 + Level 0.5 Summonings
 + Level 0.5 Necromancy
 + Level 0.5 Translocations
 + Level 2.1 Transmutations
 + Level 0.5 Fire Magic
 + Level 0.5 Ice Magic
 + Level 0.5 Air Magic
 + Level 5.4 Earth Magic
 + Level 0.5 Poison Magic
 + Level 0.9 Invocations
 + Level 0.7 Evocations


You had 11 spell levels left.
You knew the following spells:

 Your Spells              Type           Power      Damage    Failure   Level
a - Sandblast             Erth           42%        2d11      1%          1

Your spell library contained the following spells:

 Spells                   Type           Power      Damage    Failure   Level
 Passwall                 Tmut/Erth      13%        N/A       4%          2
 Wereblood                Tmut           10%        N/A       10%         2
 Stone Arrow              Conj/Erth      26%        3d8       14%         3
 Blink                    Tloc           10%        N/A       19%         2
 Sublimation of Blood     Necr           5%         N/A       19%         2
 Petrify                  Tmut/Erth      16%        N/A       32%         4
 Manifold Assault         Tloc           5%         N/A       98%         5
 Storm Form               Tmut/Air       4%         N/A       100%        7
 Summon Hydra             Summ           Unusable   N/A       N/A         7

Dungeon Overview and Level Annotations

Branches:
Dungeon (2/15)

Altars:
Okawaru


Innate Abilities, Weirdness & Mutations

You have very sharp teeth.
Your uncanny sense of smell can sniff out nearby items.
Your experience applies equally to all skills.


Message History

The blast of sand hits the goblin!!
You kill the goblin!
Okawaru accepts your kill.
Casting: Sandblast (safe; 1% risk of failure)
Confirm with . or Enter, or press ? or * to list all spells.
You can't see any susceptible monsters within range! (Use Z to cast anyway.) Unknown command.
Unknown command.
You start resting.
HP restored.
Things that are here:
a +0 dagger; a +0 hunting sling; a goblin corpse Magic restored.
There is an open door here.
Found a stone staircase leading down.
Casting: Sandblast (safe; 1% risk of failure)
Confirm with . or Enter, or press ? or * to list all spells.
You can't see any susceptible monsters within range! (Use Z to cast anyway.)
There is a stone staircase leading down here.
An endoplasm comes into view.
An endoplasm is nearby!
An endoplasm is nearby!
Found a chain mail.
Casting: Sandblast (safe; 1% risk of failure)
Confirm with . or Enter, or press ? or * to list all spells.
Aiming: Sandblast (safe; 1% risk of failure)
Press: ? - help, Shift-Dir - straight line, f - endoplasm
Aim: an endoplasm (asleep, 100% to hit)
The blast of sand hits the endoplasm!
You kill the endoplasm!
Okawaru accepts your kill.
Casting: Sandblast (safe; 1% risk of failure)
Confirm with . or Enter, or press ? or * to list all spells.
You can't see any susceptible monsters within range! (Use Z to cast anyway.) Unknown command.
Casting: Sandblast (safe; 1% risk of failure)
Confirm with . or Enter, or press ? or * to list all spells.
You can't see any susceptible monsters within range! (Use Z to cast anyway.) Unknown command.
Are you sure you want to abandon this character and quit the game? (Confirm with "yes".)

.....# #....†..) .....# ..#.....
#........ .....#### .#.[...
#........ ........ ......
#........ ..#..## ....# ##...#'##
.....# #...# ########.#...
....####.######...# #......#.....
.........#........# #......#.....
.#.#.#####.# #.@.# #......#.....
.#.#.# #.# #.#####...)..#.....
##.#.#####.####........>...#.....
##.#.....#...########......#.....
##.#####.#.#.# #......#.#### ...#
#.....#.# #............ .###
#.#.#.#.########..........[. .#
#.#†..#.....................
.#####.################..........


There were no monsters in sight!

Vanquished Creatures
  2 adders (D:2)
  A worm (D:2)
  3 ball pythons
  2 endoplasms
  A goblin (D:2)
  A hobgoblin (D:1)
  3 jackals (D:2)
  A kobold (D:2)
  A bat (D:1)
15 creatures vanquished.

Notes
Turn   | Place    | Note
-------+----------+-------------------------------------------
     0 | D:1      | dolemite99 the Gnoll Earth Elementalist began the quest for
                  | the Orb.
     0 | D:1      | Reached XP level 1. HP: 13/13 MP: 6/6
   982 | D:2      | Reached XP level 2. HP: 17/20 MP: 3/7
  1046 | D:2      | Found a faded altar of an unknown god.
  1143 | D:2      | Prayed at the altar of an unknown god.
  1143 | D:2      | Became a worshipper of Warmaster Okawaru
  1143 | D:2      | Reached * piety under Okawaru
  1318 | D:2      | Reached XP level 3. HP: 25/25 MP: 7/9
  1359 | D:2      | Reached skill level 5 in Spellcasting
  1455 | D:2      | Quit the game

Illustrated notes

Levels and vault maps discovered:
D:1:      lightli_arrival_noodles, layout_basic, chequers_serial_rivers_small_b,
          chequers_serial_rivers_micro_c
D:2:      layout_basic, ebering_ecumenical_altar_box

Skill      XL: |  1  2  3 |
---------------+----------+-----
Transmutations | 2 |  2.1
Spellcasting   | 5 |  5.0
Fighting       | |  0.7
Short Blades   | |  0.7
Long Blades    | |  0.7
Axes           | |  0.7
Maces & Flails | |  0.7
Polearms       | |  0.7
Staves         | |  0.7
Slings         | |  0.7
Bows           | |  0.7
Crossbows      | |  0.7
Throwing       | |  0.7
Armour         | |  0.7
Dodging        | |  4.5
Stealth        | |  4.1
Shields        | |  0.7
Unarmed Combat | |  0.7
Conjurations   | |  0.5
Hexes          | |  0.5
Summonings     | |  0.5
Necromancy     | |  0.5
Translocations | |  0.5
Fire Magic     | |  0.5
Ice Magic      | |  0.5
Air Magic      | |  0.5
Earth Magic    | |  5.4
Poison Magic   | |  0.5
Invocations    | |  0.9
Evocations     | |  0.7

Action                   || total
-------------------------++-------
 Cast: Sandblast         ||    23
Armor: Robe              ||     1
Dodge: Dodged            ||     9

Table legend: (Time is in decaauts)
 A = Elapsed time spent in this place.
 B = Non-inter-level travel time spent in this place.
 C = Inter-level travel time spent in this place.
 D = Time resting spent in this place.
 E = Time spent auto-exploring this place.
 F = Levels seen in this place.
 G = Mean time per level.
                   A        B        C        D        E       F      G
               +--------+--------+--------+--------+--------+-----+--------+
         Total |   1456 |   1432 |     24 |     34 |   1217 |   2 |  728.0 |
       Dungeon |   1456 |   1432 |     24 |     34 |   1217 |   2 |  728.0 |
               +--------+--------+--------+--------+--------+-----+--------+

Top non-repeatable levels by time:
     D:1: 817 daAuts
     D:2: 638 daAuts
